 Dungeon Crawl Stone Soup version 0.30.0-29-ga12c61a403 (webtiles) character file.

Game seed: 825478120109807206

132 yolmi the Chopper (level 4, 0/41 HPs)
             Began as a Minotaur Berserker on June 12, 2023.
             Was a Believer of Trog.
             Slain by Grinder (5 damage)
             ... on level 4 of the Dungeon on June 13, 2023.
             The game lasted 00:29:39 (2231 turns).

yolmi the Chopper (Minotaur Berserker)              Turns: 2231, Time: 00:29:39

Health: 0/41       AC:  9    Str: 24    XL:     4   Next: 92%
Magic:  3/3        EV: 15    Int:  4    God:    Trog [**....]
Gold:   101        SH:  0    Dex:  9    Spells: 3/3 levels left

rFire   . . .        a - +0 hand axe
rCold   . . .        (no shield)
rNeg    . . .        q - +0 scale mail
rPois   +            (helmet restricted)
rElec   .            (no cloak)
rCorr   .            (no gloves)
SInv    .            d - +1 pair of boots of the Wild Haggis {Stlth+}
Will    .....        (no amulet)
Stlth   +            i - ring of poison resistance
HPRegen 0.26/turn    t - +5 ring of evasion
MPRegen 0.08/turn

%: no passive effects
@: no status effects
A: horns 2, retaliatory headbutt
a: Renounce Religion, Berserk, Trog's Hand


You were on level 4 of the Dungeon.
You worshipped Trog.
Trog was pleased with you.
You visited 1 branch of the dungeon, and saw 4 of its levels.

You collected 101 gold pieces.

Inventory:

Hand Weapons
 a - a +0 hand axe (weapon)
 k - a +0 flail
Missiles
 l - 2 boomerangs of dispersal
 o - 9 poisoned darts (quivered)
Armour
 b - a +0 animal skin
 d - the +1 pair of boots of the Wild Haggis (worn) {Stlth+}
   (You found it on level 3 of the Dungeon)

   Stlth:     It makes you more stealthy.
 q - a +0 scale mail (worn)
Jewellery
 i - a ring of poison resistance (left hand)
 t - a +5 ring of evasion (right hand)
Wands
 f - a wand of paralysis (11)
 s - a wand of acid (2)
Scrolls
 j - a scroll of fear
Potions
 c - a potion of curing
 e - 2 potions of flight
 g - a potion of haste {unknown}
 h - 3 potions of mutation
 n - a potion of degeneration {unknown}
 p - a potion of resistance
 r - a potion of cancellation {unknown}


   Skills:
 * Level 4.7 Fighting
 * Level 5.4 Axes
 * Level 3.2 Armour
 * Level 2.6 Dodging
 * Level 0.1 Evocations


You had 3 spell levels left.
You didn't know any spells.
Your spell library was empty.

Dungeon Overview and Level Annotations

Branches:
Dungeon (4/15)
 Temple: D:4-7

Altars:
Xom

Annotations:
D:4 Grinder


Innate Abilities, Weirdness & Mutations

You have a pair of horns on your head.
You reflexively headbutt those who attack you in melee.


Message History

You see here an iguana corpse.
Grinder gestures at you. Pain shoots through your body!
Grinder completely misses you.
You hit Grinder.
Grinder is severely wounded.
Grinder hits you!
You hit Grinder.
Grinder is almost dead.
Grinder says, "FISH!"
Grinder hits you but does no damage.
You hit Grinder but do no damage.
Grinder is severely wounded.
Grinder gestures at you. You resist with significant effort.
You barely miss Grinder. Your headbutt misses Grinder.
Grinder is severely wounded.
Grinder closely misses you.
You barely miss Grinder.
Grinder is severely wounded.
Grinder gestures at you. You resist with significant effort.
You closely miss Grinder. Your headbutt misses Grinder.
Grinder is severely wounded.
Grinder hits you but does no damage.
You closely miss Grinder.
Grinder is severely wounded.
Grinder closely misses you. Grinder gestures at you.
Pain shoots through your body!
You closely miss Grinder.
Grinder is severely wounded.
Grinder hits you!
* * * LOW HITPOINT WARNING * * *
You writhe in agony.
* * * LOW HITPOINT WARNING * * *
You feel better. Grinder hits you.
* * * LOW HITPOINT WARNING * * *
You writhe in agony.
You die...

....#.# ...#.
... #######.#
#...<.#)#
#.###.#)# #
#....†#
#.#.5|#.#
..#....@..#
#.........#
#.#.......#
#...≈.≈......
§§#.....#...#..
≈....#....≈...
..#.....#...#..
....≈.≈.....$.§
≈....... .≈..


You could see Grinder.

Vanquished Creatures
  An iguana (D:4)
  3 gnolls (D:3)
  An adder (D:2)
  A worm (D:2)
  2 orcs (D:4)
  5 bats
  8 endoplasms
  6 goblins
  7 hobgoblins
  3 jackals (D:3)
  8 kobolds
  2 quokkas
  4 ball pythons
  3 frilled lizards
  6 rats
60 creatures vanquished.

Notes
Turn   | Place    | Note
-------+----------+-------------------------------------------
     0 | D:1      | yolmi the Minotaur Berserker began the quest for the Orb.
     0 | D:1      | Reached XP level 1. HP: 19/19 MP: 0/0
   138 | D:1      | Reached XP level 2. HP: 25/27 MP: 1/1
   145 | D:1      | Reached skill level 4 in Axes
   148 | D:1      | HP: 1/27 [frozen (4)]
   742 | D:2      | Reached ** piety under Trog
   759 | D:2      | Reached XP level 3. HP: 34/34 MP: 2/2
   828 | D:2      | Found a shimmering altar of Xom.
  1025 | D:2      | Found a faded altar of an unknown god.
  1352 | D:3      | Identified the +1 pair of boots of the Wild Haggis {Stlth+}
  1409 | D:3      | Reached skill level 5 in Axes
  1409 | D:3      | Reached XP level 4. HP: 35/41 MP: 3/3
  2183 | D:4      | Noticed Grinder
  2184 | D:4      | Paralysed by Grinder for 5 turns
  2213 | D:4      | Paralysed by Grinder for 5 turns
  2231 | D:4      | Slain by Grinder

Illustrated notes

Levels and vault maps discovered:
D:1:      wander_arrival_estate, layout_rooms, serial_curves, eino_curves_01,
          eino_curves_02, eino_curves_02, minmay_octomino_c4
D:2:      layout_basic, dreamdust_ecumenical_altar_angels_and_demons,
          basic_altar
D:3:      layout_basic, nicolae_concentric_dashed_squares_mild
D:4:      layout_basic, nicolae_kite_square_tiling_tiny, uniq_eustachio,
          uniq_natasha, uniq_grinder, uniq_pikel

Skill      XL: |  1  2  3  4 |
---------------+-------------+-----
Fighting       | 4 |  4.7
Axes           | 4 5 |  5.4
Armour         | 3 |  3.2
Dodging        | |  2.6
Evocations     | |  0.1

Action                     |  1- 3 |  4- 6 || total
---------------------------+-------+-------++-------
  Melee: Hand axe          |    65 |    40 ||   105
         Headbutt          |    12 |     1 ||    13
         Punch             |     1 |     1 ||     2
    Use: Scroll            |     7 |     1 ||     8
         Potion            |       |     1 ||     1
   Stab: Sleeping          |     1 |       ||     1
 Armour: Animal skin       |     3 |       ||     3
         Ring mail         |    12 |     3 ||    15
         Scale mail        |       |    12 ||    12
  Dodge: Dodged            |    41 |    39 ||    80
